 Dungeon Sprint DCSS version 0.30.1-11-g7821555f0a (webtiles) character file.

Game seed: 1072160773172139668

24599 Groucho the Unseen (level 13, -2/113 HPs)
             Began as a Human Brigand on Dec 17, 2023.
             Was an Elder of Uskayaw.
             Slain by a fire giant
             ... wielding a +2 great sword of flaming
              (19 damage)
             ... in the Dungeon (Sprint IX: "|||||||||||||||||||||||||||||").
             The game lasted 00:16:59 (4846 turns).

Groucho the Unseen (Human Brigand)                  Turns: 4846, Time: 00:17:00

Health: -2/113     AC: 26    Str: 12    XL:     13   Next: 44%
Magic:  1/24       EV: 12    Int: 11    God:    Uskayaw [****..]
Gold:   736        SH:  0    Dex: 20    Spells: 12/12 levels left

rFire   + . .        n - +2 rapier (distort)
rCold   + . .        (no shield)
rNeg    . . .        H - +2 shadow dragon scales
rPois   +            o - +0 helmet
rElec   +            p - +0 cloak
rCorr   +            F - +1 pair of gloves
SInv    .            (no boots)
Will    .....        (no amulet)
Stlth   +++++++      (no ring)
HPRegen 0.38/turn    (no ring)
MPRegen 0.19/turn

%: no teleportation
@: resistant, hasted, very quick
A: no striking features
a: Renounce Religion, Stomp, Line Pass


You were in the Dungeon.
You worshipped Uskayaw.
Uskayaw was pleased with you.
You visited 1 branch You collected 1832 gold pieces.
You spent 1096 gold pieces at shops.

Inventory:

Hand Weapons
 a - a +2 dagger
 n - a +2 rapier of distortion (weapon)
Missiles
 d - 9 poisoned darts (quivered)
 e - 3 curare-tipped darts
 h - 3 atropa-tipped darts
Armour
 o - a +0 helmet (worn)
 p - a +0 cloak (worn)
 F - a +1 pair of gloves (worn)
 G - the scarf of Oblivion {+Inv, rElec rC- rCorr Int+2}
   (You found it in the Dungeon)

   Int:       It affects your intelligence (+2).
   rC:        It makes you vulnerable to cold.
   rElec:     It insulates you from electricity.
   rCorr:     It protects you from acid and corrosion.
 H - +2 shadow dragon scales (worn)
Jewellery
 r - a +2 ring of evasion
 s - a +2 ring of protection
 B - a ring of resist corrosion
 C - a ring of ice
 D - a ring of poison resistance
 E - a ring of see invisible
Wands
 c - a wand of flame (18)
 m - a wand of acid (10)
Scrolls
 b - 4 scrolls of fear
 l - 2 scrolls of amnesia
 v - 3 scrolls of fog
 x - 2 scrolls of identify
Potions
 g - a potion of degeneration
 i - 5 potions of magic
 k - a potion of might
 t - 2 potions of lignification
 u - a potion of brilliance
 z - a potion of haste
 A - 3 potions of curing


   Skills:
 + Level 14.2 Fighting
 + Level 14.4 Short Blades
 - Level 2.0 Throwing
 + Level 14.2 Armour
 + Level 14.3 Dodging
 + Level 15.8 Stealth
 + Level 15.2 Invocations


You had 12 spell levels left.
You didn't know any spells.
Your spell library contained the following spells:

 Spells                   Type           Power      Damage    Failure   Level
 Magic Dart               Conj           0%         1d3       99%         1
 Call Imp                 Summ           0%         N/A       100%        2
 Mephitic Cloud           Conj/Pois/Air  0%         N/A       100%        3


Dungeon Overview and Level Annotations

Branches:
Dungeon (1/1)

Altars:
Cheibriados
Dithmenos
Elyvilon
Fedhas
Gozag
Hepliaklqana
Kikubaaqudgha
Makhleb
Nemelex Xobeh
Okawaru
Qazlal
Ru
Sif Muna
Trog
Uskayaw
Vehumet
Wu Jian
Xom
Yredelemnul
Zin
The Shining One
Jiyva
Lugonu

Shops:
D *[!*


Message History

Unknown command.
Unknown command.
You puncture the ice dragon!
You kill the ice dragon!
The ice dragon scales are intact enough to wear.
Unknown command.
Unknown command.
Unknown command.
The fire giant points at you and mumbles some strange words.
The fireball explodes!
The fireball engulfs you! You resist.
* * * LOW HITPOINT WARNING * * *
Items here: ) [ ††.
Unknown command.
You feel better.
Unknown command.
Unknown command.
The fire giant points at you and mumbles some strange words.
The fireball explodes!
The fireball engulfs you! You resist.
* * * LOW HITPOINT WARNING * * *
The fireball engulfs the fire giant.
The fire giant resists.
You see here a +0 arbalest.
Unknown command.
Aiming: Line Pass
Press: ? - help, Dir - move target The fire giant appears confused.
The purple very ugly thing appears confused.
The purple very ugly thing headbutts the fire giant!
The fire giant hits the purple very ugly thing with a +2 great sword of flaming!!
The fire giant burns the purple very ugly thing.
You catch the helpless purple very ugly thing completely off-guard!
You stick the purple very ugly thing like a pincushion!!!
Space warps around the purple very ugly thing!
The purple very ugly thing is severely wounded.
Uskayaw will force your foes to share their pain.
You puncture the purple very ugly thing!
The purple very ugly thing is almost dead.
The purple very ugly thing blinks!
Unknown command.
The fire giant hits you with a +2 great sword of flaming!!
You die...

▓_▓.▓.▓.▓'▓.▓)▓
▓'▓.▓'▓.▓[▓.▓)▓
▓.▓.▓.▓.▓)▓.▓'▓
▓.▓.▓.▓.▓[▓.▓†▓
▓)▓.▓.▓.▓.▓.▓)▓
▓.▓.▓.▓.▓.▓.▓[▓
▓.▓.▓.▓.▓∩▓.▓)▓
▓.▓.▓.▓.▓.▓.▓C▓
▓.▓.▓.▓.▓∩▓.▓@▓
▓.▓.▓.▓)▓.▓.▓†▓
▓[▓.▓.▓.▓∩▓.▓.▓
▓'▓.▓.▓.▓.▓.▓.▓
▓)▓.▓.▓.▓∩▓.▓u▓
▓)▓.▓(▓.▓.▓.▓.▓
▓)▓.▓'▓.▓.▓.▓.▓
▓÷▓.▓.▓.▓.▓.▓.▓
▓.▓.▓.▓.▓.▓.▓.▓


You could see a purple very ugly thing (confused) and a fire giant (confused).

Vanquished Creatures
  A lich (D)
  A sphinx (D)
  A very ugly thing (D)
  A hydra (D)
  An ice dragon (D)
  2 ogre magi (D)
  A centaur warrior (D)
  An orc high priest (D)
  5 deep trolls (D)
  2 orc knights (D)
  A lindwurm (D)
  A deep elf pyromancer (D)
  2 manticores (D)
  Maurice (D)
  A cyclops (D)
  7 cane toads (D)
  An efreet (D)
  3 komodo dragons (D)
  A yaktaur (D)
  8 trolls (D)
  2 tyrant leeches (D)
  A polar bear (D)
  A slime creature (D)
  A yak (D)
  A basilisk (D)
  A wraith (D)
  3 vampire mosquitoes (D)
  2 water moccasins (D)
  4 orc warriors (D)
  A centaur (D)
  A bullfrog (D)
  A scorpion (D)
  A howler monkey (D)
  5 orc priests (D)
  A sleepcap (D)
  5 orc wizards (D)
  An adder (D)
  8 orcs (D)
  A bat (D)
  An endoplasm (D)
  A giant cockroach (D)
  A hobgoblin (D)
  A rat (D)
87 creatures vanquished.

Vanquished Creatures (others)
  A wizard (D)
1 creature vanquished.

Grand Total: 88 creatures vanquished

Notes
Turn   | Place    | Note
-------+----------+-------------------------------------------
     0 | D        | Groucho the Human Brigand began the quest for the Orb.
     0 | D        | Reached XP level 1. HP: 16/16 MP: 1/1
    15 | D        | Reached skill level 1 in Invocations
    18 | D        | Reached skill level 1 in Armour
    22 | D        | Reached XP level 2. HP: 22/23 MP: 1/3
    48 | D        | Noticed a scorpion
    48 | D        | Noticed a howler monkey
    58 | D        | Reached XP level 3. HP: 29/29 MP: 4/4
    63 | D        | Killed a scorpion
    64 | D        | Reached skill level 5 in Stealth
    64 | D        | Reached XP level 4. HP: 37/37 MP: 4/6
    70 | D        | Reached XP level 5. HP: 42/42 MP: 4/8
   106 | D        | Found a snail-covered altar of Cheibriados.
   106 | D        | Found a shadowy altar of Dithmenos.
   106 | D        | Found a white marble altar of Elyvilon.
   106 | D        | Found a blossoming altar of Fedhas.
   106 | D        | Found an opulent altar of Gozag.
   107 | D        | Found a hazy altar of Hepliaklqana.
   108 | D        | Found a viscous altar of Jiyva.
   109 | D        | Found an ancient bone altar of Kikubaaqudgha.
   110 | D        | Found a corrupted altar of Lugonu.
   111 | D        | Found a burning altar of Makhleb.
   112 | D        | Found a sparkling altar of Nemelex Xobeh.
   113 | D        | Found an iron altar of Okawaru.
   114 | D        | Found a stormy altar of Qazlal.
   115 | D        | Found a sacrificial altar of Ru.
   116 | D        | Found a shimmering blue altar of Sif Muna.
   117 | D        | Found a bloodstained altar of Trog.
   118 | D        | Found a hide-covered altar of Uskayaw.
   119 | D        | Found a radiant altar of Vehumet.
   120 | D        | Found an ornate altar of the Wu Jian Council.
   121 | D        | Found a shimmering altar of Xom.
   122 | D        | Found a basalt altar of Yredelemnul.
   123 | D        | Found a glowing silver altar of Zin.
   124 | D        | Found a glowing golden altar of the Shining One.
   126 | D        | Became a worshipper of Uskayaw the Reveller
   212 | D        | Noticed a centaur
   212 | D        | Noticed a troll
   212 | D        | Noticed a yak
   212 | D        | Noticed a wraith
   214 | D        | Reached * piety under Uskayaw
   216 | D        | Reached ** piety under Uskayaw
   217 | D        | Reached XP level 6. HP: 50/50 MP: 9/9
   220 | D        | Reached *** piety under Uskayaw
   221 | D        | Reached skill level 5 in Fighting
   221 | D        | Reached skill level 5 in Short Blades
   221 | D        | Reached skill level 5 in Armour
   221 | D        | Reached skill level 5 in Dodging
   221 | D        | Reached skill level 5 in Invocations
   222 | D        | Killed a troll
   222 | D        | Reached **** piety under Uskayaw
   223 | D        | Reached XP level 7. HP: 58/58 MP: 9/11
   224 | D        | Reached ***** piety under Uskayaw
   225 | D        | Killed a yak
   232 | D        | Noticed a slime creature
   232 | D        | Noticed a centaur warrior
   232 | D        | Noticed a troll
   232 | D        | Noticed a manticore
   232 | D        | Noticed a red ugly thing
   232 | D        | Noticed a troll
   234 | D        | Killed a slime creature
   235 | D        | Reached XP level 8. HP: 67/67 MP: 10/13
   236 | D        | Killed a wraith
   238 | D        | Reached ****** piety under Uskayaw
   239 | D        | Banished a centaur warrior
   240 | D        | Reached XP level 9. HP: 66/74 MP: 10/15
   248 | D        | Killed a troll
   249 | D        | Killed a troll
   250 | D        | Reached skill level 10 in Stealth
   250 | D        | Banished a red ugly thing
   263 | D        | Killed a manticore
   264 | D        | Reached XP level 10. HP: 53/83 MP: 0/17
   520 | D        | Noticed Maurice
   544 | D        | Killed Maurice
   921 | D        | Noticed a catoblepas
   921 | D        | Noticed a komodo dragon
   921 | D        | Noticed a cane toad
   921 | D        | Noticed a cane toad
   921 | D        | Noticed a cane toad
   926 | D        | Noticed a cane toad
   931 | D        | Banished a catoblepas
   932 | D        | Reached skill level 10 in Short Blades
   932 | D        | Reached skill level 10 in Invocations
   933 | D        | Killed a komodo dragon
   934 | D        | Reached skill level 10 in Dodging
   935 | D        | Killed a cane toad
   935 | D        | Killed a cane toad
   936 | D        | Reached skill level 10 in Fighting
   936 | D        | Reached skill level 10 in Armour
   938 | D        | Killed a cane toad
   957 | D        | Noticed a lindwurm
   960 | D        | Banished a cane toad
   983 | D        | Killed a lindwurm
   984 | D        | Reached XP level 11. HP: 49/92 MP: 14/19
   989 | D        | Noticed a seven-headed hydra
  1010 | D        | Killed a seven-headed hydra
  2176 | D        | Noticed an orc knight
  2176 | D        | Noticed an orc knight
  2725 | D        | Banished an orc knight
  2848 | D        | Killed an orc knight
  2929 | D        | Reached XP level 12. HP: 93/102 MP: 21/21
  2987 | D        | Noticed an orc high priest
  2992 | D        | Killed an orc high priest
  3014 | D        | Found Ysiot's General Store.
  3014 | D        | Noticed a deep troll
  3014 | D        | Noticed a deep troll
  3015 | D        | Noticed an ogre mage
  3022 | D        | Found Zywufude's Antique Armour Shoppe.
  3022 | D        | Noticed a deep troll
  3023 | D        | Noticed a deep troll
  3034 | D        | Killed a deep troll
  3034 | D        | Noticed a deep troll
  3035 | D        | Killed an ogre mage
  3037 | D        | Killed a deep troll
  3039 | D        | Found Oxtaul's Distillery.
  3050 | D        | Killed a deep troll
  3054 | D        | Killed a deep troll
  3055 | D        | Killed a deep troll
  3062 | D        | Found Ubripidyu's General Store.
  3066 | D        | Noticed a deep troll
  3068 | D        | Noticed an ogre mage
  3472 | D        | Banished a deep troll
  3903 | D        | HP: 1/157 [something (20)]
  3905 | D        | Killed an ogre mage
  4545 | D        | Bought a potion of resistance for 130 gold pieces
  4545 | D        | Bought a potion of degeneration for 13 gold pieces
  4571 | D        | Bought a potion of heal wounds for 55 gold pieces
  4571 | D        | Bought a potion of magic for 88 gold pieces
  4571 | D        | Bought a potion of heal wounds for 55 gold pieces
  4571 | D        | Bought a potion of might for 44 gold pieces
  4571 | D        | Bought a potion of heal wounds for 55 gold pieces
  4571 | D        | Bought a potion of lignification for 33 gold pieces
  4571 | D        | Bought a potion of haste for 110 gold pieces
  4571 | D        | Bought a potion of lignification for 33 gold pieces
  4571 | D        | Bought a potion of curing for 33 gold pieces
  4571 | D        | Bought a potion of curing for 33 gold pieces
  4577 | D        | Bought a glowing ring mail for 161 gold pieces
  4581 | D        | Bought a ring of resist corrosion for 220 gold pieces
  4581 | D        | Bought a potion of curing for 33 gold pieces
  4710 | D        | Got the scarf of Oblivion {+Inv, rElec rC- rCorr Int+2}
  4758 | D        | Noticed a centaur warrior
  4775 | D        | Noticed an ice dragon
  4776 | D        | Killed a centaur warrior
  4777 | D        | Noticed a sphinx
  4786 | D        | Reached skill level 15 in Stealth
  4789 | D        | Reached XP level 13. HP: 79/111 MP: 18/23
  4802 | D        | Noticed a green very ugly thing
  4805 | D        | Noticed a sphinx
  4810 | D        | Noticed a lich
  4811 | D        | Noticed a fire giant
  4811 | D        | Noticed a purple very ugly thing
  4820 | D        | Killed a sphinx
  4823 | D        | Killed a lich
  4823 | D        | Killed a green very ugly thing
  4824 | D        | Reached skill level 15 in Invocations
  4827 | D        | Banished a sphinx
  4839 | D        | Killed an ice dragon
  4846 | D        | Slain by a fire giant

Illustrated notes

Levels and vault maps discovered:
D:        linesprint [early_d, line_temple, items_1, d_10, items_2, lair_1,
          lair_end, items_3, orc_1, orc_end, items_4, d_15, swamp_1, shoals_1,
          snake_1, spider_1, d_20, vaults_1, items_5, swamp_end, shoals_end,
          snake_end, spider_end, vaults_end, d_27, items_6, zot_1, zot_end,
          crypt_end, forest_end, elf_end, slime_end, tomb_end, abyss_end,
          pan_hell_end]

Skill      XL: |  1  2  3  4  5  6  7  8  9 10 11 12 13 |
---------------+----------------------------------------+-----
Invocations    | 1 2 3 4 6 7 8 9 11 12 14 15 | 15.2
Armour         | 1 2 3 4 6 7 9 10 12 13 14 | 14.2
Fighting       | 3 4 6 7 8 9 10 12 13 14 | 14.2
Short Blades   | 3 4 6 7 8 9 10 12 13 14 | 14.4
Dodging        | 2 3 4 6 7 8 9 10 12 13 14 | 14.3
Stealth        | 5 6 7 8 9 10 12 13 15 | 15.8
Throwing       | |  2.0

Action                     |  1- 3 |  4- 6 |  7- 9 | 10-12 | 13-15 || total
---------------------------+-------+-------+-------+-------+-------++-------
  Melee: Dagger            |    26 |     7 |       |       |       ||    33
         Rapier            |       |     7 |    26 |   237 |    28 ||   298
         Punch             |       |       |       |     5 |     2 ||     7
 Invoke: Line Pass         |       |       |     3 |    19 |     6 ||    28
    Use: Potion            |     1 |     2 |     1 |    17 |     6 ||    27
         Scroll            |       |       |       |     4 |       ||     4
   Stab: Sleeping          |     1 |     1 |     1 |     4 |       ||     7
         Paralysed         |       |     2 |       |    14 |     1 ||    17
         Invisible         |       |     1 |     1 |       |       ||     2
         Confused          |       |       |     3 |     8 |     5 ||    16
 Armour: Robe              |     8 |       |     2 |    20 |       ||    30
         Shadow dragon sca |       |       |       |     6 |    15 ||    21
  Dodge: Dodged            |     9 |     6 |    17 |   124 |     7 ||   163
